 Dungeon Crawl Stone Soup version 0.29-a0-1019-g84f7d21838 (webtiles) character file.

Game seed: 11008711473107002448

2 bladeefan the Trooper (level 1, -1/20 HPs)
             Began as a Hill Orc Monk on Aug 10, 2022.
             Slain by a hobgoblin (2 damage)
             ... on level 1 of the Dungeon.
             The game lasted 00:00:39 (231 turns).

bladeefan the Trooper (Hill Orc Monk)                Turns: 231, Time: 00:00:39

Health: -1/20      AC:  2    Str: 13    XL:     1   Next: 40%
Magic:  1/1        EV: 12    Int: 10    God:
Gold:   4          SH:  0    Dex: 13    Spells: 0/0 levels left

rFire   . . .      SeeInvis .   a - +0 mace
rCold   . . .      Faith    .   (no shield)
rNeg    . . .      Spirit   .   b - +0 robe
rPois   .          Reflect  .   (no helmet)
rElec   .          Harm     .   (no cloak)
rCorr   .          Rampage  .   (no gloves)
Will    .....                   (no boots)
Stlth   ++........              (no amulet)
HPRegen 0.06/turn               (no ring)
MPRegen 0.07/turn               (no ring)

@: no status effects
A: no striking features
a: no special abilities


You were on level 1 of the Dungeon.
You visited 1 branch of the dungeon, and saw 1 of its levels.

You collected 4 gold pieces.

Inventory:

Hand Weapons
 a - a +0 mace (weapon)
Armour
 b - a +0 robe (worn)
Scrolls
 d - a scroll of acquirement {unknown}
Potions
 c - a potion of ambrosia
 e - a potion of mutation {unknown}


   Skills:
 + Level 3.6 Fighting
 * Level 3.3 Maces & Flails
 + Level 2.4 Dodging
 + Level 1.6 Stealth


You couldn't memorise any spells.
You didn't know any spells.
Your spell library was empty.

Dungeon Overview and Level Annotations

Branches:
Dungeon (1/15)

Altars:


Message History

You now have 4 gold pieces.
Key pressed, stopping explore.
d - a scroll labelled VIDWEG KATAQUI A quokka comes into view.
Found a fizzy orange potion.
You barely miss the quokka. The quokka closely misses you.
The quokka bites you.
You hit the quokka but do no damage.
The quokka bites you but does no damage.
You completely miss the quokka. The quokka closely misses you.
The quokka barely misses you.
You hit the quokka. The quokka misses you. The quokka closely misses you.
You closely miss the quokka. The quokka bites you.
You hit the quokka. The quokka closely misses you.
You hit the quokka.
You kill the quokka!
No target in view!
No target in view!
No target in view!
No target in view!
Key pressed, stopping explore.
Key pressed, stopping explore.
Key pressed, stopping explore.
Found a ring mail.
e - a fizzy orange potion
Found 5 stones.
Found 3 gold pieces. 2 goblins come into view.
The goblin shouts!
A hobgoblin comes into view.
There are monsters nearby!
There are monsters nearby!
There are monsters nearby!
Found a faded altar of an unknown god.
The goblin hits you with a +0 club.
You barely miss the goblin. The goblin hits you but does no damage.
You closely miss the goblin. The hobgoblin hits you.
The goblin hits you but does no damage.
You miss the goblin. The hobgoblin hits you.
* * * LOW HITPOINT WARNING * * *
The goblin closely misses you. The hobgoblin hits you.
* * * LOW HITPOINT WARNING * * *
The goblin attacks as you move away! The goblin hits you with a +0 club.
* * * LOW HITPOINT WARNING * * *
The hobgoblin attacks as you move away! The hobgoblin hits you.
* * * LOW HITPOINT WARNING * * *
The goblin shouts!
The hobgoblin attacks as you move away! The hobgoblin hits you.
You die...

#.............
#.............
#.............
#.(...........
#.............
#.............
#............
#####..#...#...
#.....##@8.##
..[######.#####.gg..#
.............##..$..#
##..####.....#.......#
#......#..8.8..#
##......#..g....#
########
#.......##.....##
##...♣P..
##.#.##.#..##.....#
##....~♣~.
.....#..#..###8_8##
##...♣~♣~~.


You could see a hobgoblin and 2 goblins.

Vanquished Creatures
  A quokka (D:1)
  A bat (D:1)
  A frilled lizard (D:1)
3 creatures vanquished.

Notes
Turn   | Place    | Note
-------+----------+-------------------------------------------
     0 | D:1      | bladeefan the Hill Orc Monk began the quest for the Orb.
     0 | D:1      | Reached XP level 1. HP: 19/19 MP: 1/1
   224 | D:1      | Found a faded altar of an unknown god.
   230 | D:1      | HP: 1/20 [hobgoblin (3)]
   231 | D:1      | Slain by a hobgoblin

Illustrated notes

Levels and vault maps discovered:
D:1:      minmay_arrival_shattered_statue, layout_rooms,
          hellmonk_ecumenical_altar_prayer_group, serial_bayou,
          serial_bayou_shore_a, serial_bayou_crossing, serial_bayou_pond_b,
          serial_bayou_pond_a

Action                   || total
-------------------------++-------
Melee: Mace              ||    13
Armor: Robe              ||     4
Dodge: Dodged            ||    12

Table legend: (Time is in decaauts)
 A = Elapsed time spent in this place.
 B = Non-inter-level travel time spent in this place.
 C = Inter-level travel time spent in this place.
 D = Time resting spent in this place.
 E = Time spent auto-exploring this place.
 F = Levels seen in this place.
 G = Mean time per level.
                   A        B        C        D        E       F      G
               +--------+--------+--------+--------+--------+-----+--------+
         Total |    235 |    235 |      0 |      0 |    189 |   1 |  235.0 |
       Dungeon |    235 |    235 |      0 |      0 |    189 |   1 |  235.0 |
               +--------+--------+--------+--------+--------+-----+--------+

Top non-repeatable levels by time:
     D:1: 235 daAuts
